 Dungeon Crawl Stone Soup version 0.20.1-1-g8b1a95d (webtiles) character file.

46 Supahsalami the Grave Robber (level 3, 0/25 HPs)
             Began as a Demonspawn Necromancer on Nov 6, 2017.
             Slain by a goblin
             ... wielding a +0 mace
              (8 damage)
             ... on level 1 of the Dungeon.
             The game lasted 00:10:57 (1096 turns).

Supahsalami the Grave Robber (DsNe)                 Turns: 1096, Time: 00:10:58

Health: 0/25       AC:  2    Str:  8    XL:     3   Next: 44%
Magic:  5/6        EV: 12    Int: 17    God:
Gold:   67         SH:  0    Dex: 13    Spells: 5/6 levels left

rFire    . . .     SeeInvis .   j - +0 short sword (elec)
rCold    . . .     Gourm    .   (no shield)
rNeg     . . .     Faith    .   a - +0 robe
rPois    .         Spirit   .   (helmet restricted)
rElec    .         Reflect  .   (no cloak)
rCorr    .         Harm     .   (no gloves)
MR       .....                  (no boots)
Stlth    ++........             (no amulet)
Regen    0.1/turn               (no ring)
MPRegen  0.1/turn               (no ring)

@: no status effects
A: horns 1, sturdy frame 1
a: no special abilities


You were on level 1 of the Dungeon.
You were not hungry.

You visited 1 branch of the dungeon, and saw 2 of its levels.

You collected 67 gold pieces.

Inventory:

Hand Weapons
 e - a +0 short sword
 j - a +0 short sword of electrocution (weapon)
Missiles
 g - 7 javelins (quivered)
Armour
 a - a +0 robe (worn)
Scrolls
 d - a scroll of identify
Books
 b - a book of Necromancy

   Spells                             Type                      Level
   a - Pain                           Necromancy                   1
   b - Animate Skeleton               Necromancy                   1
   c - Vampiric Draining              Necromancy                   3
   d - Regeneration                   Charms/Necromancy            3
   e - Animate Dead                   Necromancy                   4
   f - Control Undead                 Necromancy                   4
Comestibles
 c - a bread ration
 f - a meat ration
 k - 5 chunks of flesh


   Skills:
 + Level 0.8 Fighting
 + Level 2.0 Dodging
 + Level 2.1 Stealth
 + Level 2.1 Spellcasting
 + Level 5.2 Necromancy


You had 5 spell levels left.
You knew the following spells:

 Your Spells              Type           Power        Failure   Level  Hunger
a - Pain                  Necr           ###.         2%          1    #......


Dungeon Overview and Level Annotations

Branches:
Dungeon (2/15)

Altars:


Innate Abilities, Weirdness & Mutations

You have a pair of small horns on your head.
Your movements are slightly less encumbered by armour. (ER -2)


Message History

As you read the scroll labeled AFFIUV IQIE, it crumbles to dust.
It is a scroll of identify.
h - a scroll of immolation Drop what? 11/52 slots (_ for help) (? for menu, Esc to quit)
You drop a scroll of immolation.
Drop what? 10/52 slots (_ for help) (? for menu, Esc to quit)
You drop a whip of holy wrath.
A goblin comes into view. It is wielding a mace.
The goblin shouts!
The goblin barely misses you. The goblin hits you with a mace!
* * * LOW HITPOINT WARNING * * *
The goblin barely misses you. The goblin hits you but does no damage.
The goblin misses you. The goblin hits you but does no damage.
The goblin barely misses you. The goblin closely misses you.
You closely miss the goblin. The goblin hits you with a mace!
You die...

#...#.. ## +........ . ..
#........ ..# . #......#
....#. #......##
##...###.##....#
#..........)...#.
#....g@..........
...######)##....#
######.##....#.
#..............g. ####..###.
#.####.###...#... ........
#.# ...#... #.#..#.#
#.###....... ##.#....##
####...........
.........######..............


You could see a goblin.

Vanquished Creatures
  3 oozes
  2 dart slugs (D:1)
  A leopard gecko (D:1)
  4 giant cockroaches
  7 hobgoblins
  2 jackals (D:1)
  2 kobolds (D:1)
  A quokka (D:2)
  A goblin (D:1)
  2 rats (D:1)
25 creatures vanquished.

Notes
Turn   | Place    | Note
-------+----------+-------------------------------------------
     0 | D:1      | Supahsalami the Demonspawn Necromancer began the quest for the Orb.
     0 | D:1      | Reached XP level 1. HP: 13/13 MP: 3/3
   166 | D:1      | Gained mutation: You have a pair of small horns on your head. [demonic ancestry]
   166 | D:1      | Reached XP level 2. HP: 11/19 MP: 3/5
   405 | D:1      | Reached skill level 5 in Necromancy
   808 | D:1      | Gained mutation: Your movements are slightly less encumbered by armour. (ER -2) [demonic ancestry]
   808 | D:1      | Reached XP level 3. HP: 20/25 MP: 0/6
  1096 | D:1      | Slain by a goblin

Skill      XL: |  1  2  3 |
---------------+----------+-----
Necromancy     | 5 |  5.2
Stealth        | 2 |  2.1
Dodging        | 2 |  2.0
Fighting       | |  0.8
Spellcasting   | |  2.1

Action                   || total
-------------------------++-------
Melee: Unarmed           ||     8
       Short sword       ||    43
       Headbutt          ||     5
 Cast: Pain              ||    35
  Use: Scroll            ||     1
 Stab: Sleeping          ||     2
  Eat: Chunk             ||     1
Armor: Robe              ||    10
Dodge: Dodged            ||    40
